 Dungeon Crawl Stone Soup version 0.23-a0-143-g1adec7b (webtiles) character file.

30 Amnesiac the Chiller (level 3, -2/24 HPs)
             Began as a Mummy Ice Elementalist on Sept 3, 2018.
             Slain by an orc (3 damage)
             ... on level 4 of the Dungeon.
             The game lasted 00:01:04 (213 turns).

Amnesiac the Chiller (Mummy Ice Elementalist)        Turns: 213, Time: 00:01:05

Health: -2/24      AC:  2    Str: 11    XL:     3   Next: 3%
Magic:  2/7        EV: 12    Int: 15    God:
Gold:   51         SH:  0    Dex: 12    Spells: 6/7 levels left

rFire    x . .     SeeInvis .   a - +0 hand axe
rCold    + . .     Gourm    .   (no shield)
rNeg     + + +     Faith    .   b - +0 robe
rPois    ∞         Spirit   .   (no helmet)
rElec    .         Reflect  .   (no cloak)
rCorr    .         Harm     .   (no gloves)
MR       .....                  (no boots)
Stlth    ++........             (no amulet)
HPRegen  0.08/turn              (no ring)
MPRegen  0.10/turn              (no ring)

@: no status effects
A: no food or potions, fire vulnerability, cold resistance 1, negative energy
resistance 3, torment resistance, unbreathing
a: no special abilities


You were on level 4 of the Dungeon.
You were not hungry.

You visited 1 branch of the dungeon, and saw 4 of its levels.

You collected 51 gold pieces.

Inventory:

Hand Weapons
 a - a +0 hand axe (weapon)
Armour
 b - a +0 robe (worn)
Scrolls
 c - a scroll of fear {!r, unknown}
 d - a scroll of enchant armour {!r, unknown}


   Skills:
 - Level 1.5 Dodging
 - Level 1.5 Stealth
 + Level 2.6 Spellcasting
   Level 0.7 Conjurations
 - Level 3.4 Ice Magic


You had 6 spell levels left.
You knew the following spells:

 Your Spells              Type           Power        Failure   Level  Hunger
a - Freeze                Ice            ##..         4%          1    N/A

Your spell library contained the following spells:

 Spells                   Type           Power        Failure   Level  Hunger
 Throw Frost              Conj/Ice       #.....       13%         2    N/A
 Ozocubu's Armour         Chrm/Ice       #.......     30%         3    N/A
 Throw Icicle             Conj/Ice       #.......     65%         4    N/A
 Summon Ice Beast         Ice/Summ       #.......     71%         4    N/A

Dungeon Overview and Level Annotations

Branches:
Dungeon (4/15)
 Temple: D:4-7

Altars:


Innate Abilities, Weirdness & Mutations

You do not eat or drink.
Your flesh is vulnerable to fire.
You are immune to poison.
Your flesh is cold resistant. (rC+)
You are immune to negative energy. (rN+++)
You are immune to unholy pain and torment.
You can survive without breathing.


Message History

Confirm with . or Enter, or press ? or * to list all spells.
Aiming: Freeze (safe; 8% risk of failure)
Press: ? - help, Shift-Dir - straight line, f - orc wizard
Aim: an orc wizard, wielding a dagger and wearing a robe You freeze the orc wizard.
The orc wizard is moderately wounded.
The orc wizard casts a spell at you. The magic dart hits you!
The orc barely misses you.
Casting: Freeze (safe; 8% risk of failure)
Confirm with . or Enter, or press ? or * to list all spells.
Aiming: Freeze (safe; 8% risk of failure)
Press: ? - help, Shift-Dir - straight line, f/p - orc wizard
Aim: an orc wizard, wielding a dagger and wearing a robe (moderately wounded)
You freeze the orc wizard.
The orc wizard is severely wounded.
The orc wizard casts a spell.
The orc wizard blinks!
The orc wizard casts a spell.
The orc wizard blinks!
Casting: Freeze (safe; 8% risk of failure)
Confirm with . or Enter, or press ? or * to list all spells.
Aiming: Freeze (safe; 8% risk of failure)
Press: ? - help, Shift-Dir - straight line, f - orc
Aim: an orc, wielding a short sword You freeze the orc.
The orc is heavily wounded.
The orc hits you with a short sword. The orc hits you with a short sword.
* * * LOW HITPOINT WARNING * * *
The orc wizard mumbles some strange words.
The orc wizard blinks!
An orc comes into view. It is wielding a dagger.
The orc wizard casts a spell at you. The magic dart hits you!
* * * LOW HITPOINT WARNING * * *
The orc closely misses you.
Found a ration.
The orc wizard closely misses you. The orc closely misses you.
There is a stone staircase leading down here.
The orc wizard barely misses you. The orc completely misses you.
The orc barely misses you.
You climb downwards.
Found a buckler and a pair of gloves.
Found a stone staircase leading down.
There is a stone staircase leading up here.
Casting: Freeze (safe; 8% risk of failure)
Confirm with . or Enter, or press ? or * to list all spells.
Aiming: Freeze (safe; 8% risk of failure)
Press: ? - help, Shift-Dir - straight line, f - orc wizard
Aim: an orc wizard, wielding a dagger and wearing a robe (severely wounded)
You freeze the orc wizard.
You kill the orc wizard!
Training target 2.7 for Ice Magic reached!
Your Ice Magic skill increases to level 3!
You need to enable at least one skill for training.
You have reached level 2!
You have reached level 3!
Your experience leads to an increase in your attributes!
Increase (S)trength, (I)ntelligence, or (D)exterity?
You feel clever. The orc barely misses you.
The orc hits you with a short sword.
* * * LOW HITPOINT WARNING * * *
Found a scroll labeled HEFEUF BADOAKU.
The orc hits you.
You die...

#. ?## . .. .. #.##
..# ##########..#
....
.....#......###.....
...................#
............@#
...........oo# .
.............#...#
.......<...>....#
[......[)....#.##
...####......#.# .
##.......# #......##
#......#


You could see 2 orcs.

Vanquished Creatures
  An orc wizard (D:4)
  A giant cockroach (D:1)
  A rat (D:2)
3 creatures vanquished.

Notes
Turn   | Place    | Note
-------+----------+-------------------------------------------
     0 | D:1      | Amnesiac the Mummy Ice Elementalist began the quest for the
                  | Orb.
     0 | D:1      | Reached XP level 1. HP: 13/13 MP: 4/4
   179 | D:3      | Noticed an orc wizard
   207 | D:4      | Killed an orc wizard
   207 | D:4      | Reached skill level 3 in Ice Magic
   207 | D:4      | Reached XP level 2. HP: 1/19 MP: 2/5
   207 | D:4      | Reached XP level 3. HP: 2/24 MP: 2/7
   207 | D:4      | HP: 1/24 [orc/short sword (1)]
   213 | D:4      | Slain by an orc

Vault maps used:
D:1:      dpeg_arrival_arbitrary_c, minmay_tall_x
D:3:      lemuel_upstairs_altar, nicolae_ashenzari_panopticon, first_ration,
          serial_bayou_pond_a
D:4:      gammafunk_temple_overflow_pools, vehumet_statue, uniq_grinder

Skill      XL: |  1 |
---------------+----+-----
Ice Magic      | 3 |  3.4
Dodging        | |  1.5
Stealth        | |  1.5
Spellcasting   | |  2.6
Conjurations   | |  0.7

Action                   || total
-------------------------++-------
 Cast: Freeze            ||     8
Armor: Robe              ||     1
Dodge: Dodged            ||    14

Table legend:
 A = Non-vault XP
 B = Vault XP
 C = Vault XP percentage of total XP
 D = Non-vault monster count
 E = Vault monster count
 F = Vault count percentage of total count
                 A         B        C        D         E       F
            +---------+---------+-------+---------+---------+-------
      Total |      43 |       0 |   0.0 |       3 |       0 |   0.0
            +---------+---------+-------+---------+---------+-------
        D:1 |       2 |       0 |   0.0 |       1 |       0 |   0.0
        D:2 |       1 |       0 |   0.0 |       1 |       0 |   0.0
        D:4 |      40 |       0 |   0.0 |       1 |       0 |   0.0
            +---------+---------+-------+---------+---------+-------
